 Dungeon Crawl Stone Soup version 0.17.0-1-g61d176b (webtiles) character file.

18 Ijustatesigmund the Digger (level 2, -2/15 HPs)
             Began as a Gargoyle Earth Elementalist on Nov 7, 2015.
             Slain by a worm (6 damage)
             ... on level 2 of the Dungeon.
             The game lasted 00:02:46 (886 turns).

Ijustatesigmund the Digger (GrEE)                    Turns: 886, Time: 00:02:46

Health: -2/15      AC:  4    Str: 11    XL:     2   Next: 70%
Magic:  5/5        EV: 11    Int: 15    God:
Gold:   88         SH:  0    Dex:  6    Spells: 2 memorised, 2 levels left

rFire  . . .     SeeInvis .     e - +0 club
rCold  . . .     Clarity  .     b - +0 robe
rNeg   + . .     SustAt   .     (no shield)
rPois  ∞         Gourm    .     (no helmet)
rElec  +         Spirit   .     (no cloak)
rCorr  .         Warding  .     (no gloves)
rMut   .         Stasis   .     (no boots)
MR     .....                    (no amulet)
Stlth  ++........               (no ring)
                                (no ring)

@: not resistant to hostile enchantments, unstealthy
A: blurry vision 1, clumsy 2, negative energy resistance 1, electricity
resistance, unbreathing, petrification resistance, rot immunity, AC +2
a: no special abilities


You were on level 2 of the Dungeon.
You were hungry.

You visited 1 branch of the dungeon, and saw 2 of its levels.

You collected 88 gold pieces.

Inventory:

Hand Weapons
 e - a +0 club (weapon)
Missiles
 a - 60 stones (quivered)
Armour
 b - a +0 robe (worn)
Scrolls
 g - a scroll of identify {unknown}
 j - a scroll of remove curse {unknown}
Potions
 f - a potion of haste {unknown}
 h - a potion of mutation
 i - 2 potions of flight
 k - a potion of agility {unknown}
Books
 c - a book of Geomancy

   Spells                             Type                      Level
   a - Sandblast                      Earth                        1
   b - Stoneskin                      Transmutation/Earth          2
   c - Passwall                       Transmutation/Earth          3
   d - Stone Arrow                    Conjuration/Earth            3
   e - Petrify                        Transmutation/Earth          4
   f - Lee's Rapid Deconstruction     Earth                        5
Comestibles
 d - a bread ration


   Skills:
 + Level 1.5 Maces & Flails
 - Level 1.5 Dodging
 - Level 2.1 Stealth
 - Level 2.0 Spellcasting
 - Level 0.7 Transmutations
 + Level 4.2 Earth Magic


You had 2 spell levels left.
You knew the following spells:

 Your Spells              Type           Power        Failure   Level  Hunger
a - Sandblast             Erth           ##....       4%          1    #......
b - Stoneskin             Trmt/Erth      #.......     14%         2    ###....


Dungeon Overview and Level Annotations

Branches:
Dungeon (2/15)

Altars:


Innate Abilities, Weirdness & Mutations

You are resistant to torment.
Your stone body is resilient (AC +2).
You are immune to poison.
You resist negative energy.
You are resistant to electric shocks.
You can survive without breathing.
You are immune to petrification.
You are immune to rotting.
Scrolls take you a little longer to read.
You are very clumsy. (Dex -4)


Message History

You hit the worm.
The worm is lightly wounded.
The worm misses you.
You hit the worm but do no damage.
The worm is lightly wounded.
The worm closely misses you.
You hit the worm.
The worm is lightly wounded.
You hit the worm.
The worm is moderately wounded.
The worm barely misses you.
You barely miss the worm.
The worm is moderately wounded.
The worm closely misses you.
You barely miss the worm.
The worm is moderately wounded.
You barely miss the worm.
The worm is moderately wounded.
The worm bites you.
You die...

#...# ..
######...###.##
............).%
.......(.....
........[.
#......#
#.#..†.#
#.#.@..##
#...w...#
#.#.....#
#.......#
#.#...#.#
#<##.##.#
#.#.... .
.......w.#
.###.......


You could see a worm.

Vanquished Creatures
  A bat (D:2)
  3 giant cockroaches (D:1)
  2 goblins
  6 jackals (D:1)
  A giant newt (D:1)
  3 rats (D:1)
16 creatures vanquished.

Notes
Turn   | Place    | Note
--------------------------------------------------------------
     0 | D:1      | Ijustatesigmund the Gargoyle Earth Elementalist began the quest for the Orb.
     0 | D:1      | Reached XP level 1. HP: 10/10 MP: 3/3
   203 | D:2      | Reached skill level 1 in Maces & Flails
   203 | D:2      | Reached XP level 2. HP: 15/15 MP: 1/5
   207 | D:2      | Learned a level 2 spell: Stoneskin
   460 | D:1      | Reached skill level 4 in Earth Magic
   594 | D:1      | Gained mutation: You are clumsy. (Dex -2) [potion of mutation]
   594 | D:1      | Gained mutation: You are very clumsy. (Dex -4) [potion of mutation]
   594 | D:1      | Gained mutation: Scrolls take you a little longer to read. [potion of mutation]
   886 | D:2      | Slain by a worm

Action                   || total
-------------------------++-------
Melee: Club              ||    73
Throw: Stone             ||     4
 Cast: Sandblast         ||    26
  Use: Potion            ||     3
